Map: Bridgehead LE (Void)

Players

PtitDrogo - Winner!

  • Race: Protoss Protoss
  • League: Master

iGMacSed

  • Race: Protoss Protoss
  • League: Diamond

VOD

Have the link to the VOD?

Description

Time

  • Played on: Oct. 25, 2015, 4:52 a.m.
  • Length: 9:40
Show
View Real Time Build Order
Export as new Build Order

PtitDrogo Protoss - Winner!

Build Orders: 1 Gate Expand 

Get SALT Encoding   

  12  0:01  Probe (Chrono Boost)  
  13  0:11  Probe (Chrono Boost)  
  14  0:18  Pylon  
  14  0:22  Probe (Chrono Boost)  
  15  0:36  Probe (Chrono Boost), Gateway  
  15  0:41  Assimilator  
  16  0:47  Probe (Chrono Boost)  
  17  0:57  Probe (Chrono Boost)  
  18  1:08  Probe (Chrono Boost)  
  20  1:18  Probe (Chrono Boost)  
  20  1:21  Nexus  
  20  1:29  Probe (Chrono Boost), Assimilator  
  21  1:38  Cybernetics Core  
  21  1:42  Probe (Chrono Boost)  
  22  1:52  Probe (Chrono Boost)  
  23  1:58  Pylon  
  23  2:09  Warp Gate  
  23  2:16  Stalker (Chrono Boost), Probe (Chrono Boost)  
  26  2:28  Probe  
  27  2:33  Probe  
  27  2:34  Robotics Facility  
  28  2:40  Probe (Chrono Boost)  
  29  2:44  Probe (Chrono Boost)  
  29  2:49  Stalker (Chrono Boost)  
  31  2:55  Mothership Core (Chrono Boost)  
  31  2:56  Probe (Chrono Boost)  
  34  3:06  Probe (Chrono Boost)  
  35  3:13  Probe (Chrono Boost)  
  37  3:22  Warp Prism (Chrono Boost)  
  38  3:27  Gateway  
  38  3:28  Gateway  
  38  3:29  Gateway  
  38  3:30  Gateway  
  36  3:43  Gateway  
  36  3:44  Probe x2  
  38  3:53  Pylon  
  38  3:56  Probe  
  38  3:57  Probe  
  40  4:09  Probe x2  
  42  4:10  Pylon  
  42  4:20  Sentry  
  42  4:22  Stalker  
  42  4:23  Stalker  
  42  4:24  Stalker  
  50  4:25  Stalker  
  50  4:30  Probe x2  
  54  4:39  Stalker  
  54  4:42  Stalker  
  58  4:46  Stalker  
  58  4:50  Stalker  
  56  5:07  Probe  
  56  5:10  Stalker  
  56  5:11  Stalker  
  56  5:13  Probe  
  56  5:14  Pylon  
  62  5:17  Assimilator  
  62  5:19  Assimilator  
  62  5:27  Twilight Council  
  62  5:30  Immortal (Chrono Boost)  
  62  5:32  Probe x2 (Chrono Boost)  
  68  5:44  Probe (Chrono Boost)  
  68  5:45  Pylon  
  68  5:46  Probe (Chrono Boost)  
  68  5:47  Pylon  
  70  6:02  Forge, Pylon  
  70  6:03  Probe x2 (Chrono Boost), Immortal  
  72  6:04  Blink (Chrono Boost)  
  76  6:15  Pylon  
  76  6:16  Adept x2  
  76  6:17  Adept  
  82  6:23  Probe x2  
  82  6:24  Pylon  
  84  6:31  Pylon  
  84  6:38  Immortal, Protoss Ground Weapons Level 1  
  84  6:45  Photon Cannon  
  84  6:46  Pylon  
  83  7:06  Probe  
  84  7:08  Stalker x3  
  84  7:12  Immortal  
  94  7:25  Stalker x3  
  92  7:44  Photon Cannon  
  92  7:48  Observer  
  92  7:49  Stalker x5  
  92  7:50  Stalker  
  105  7:59  Pylon  
  105  8:03  Pylon  
  105  8:11  Warp Prism  
  107  8:24  Stalker x4  
  115  8:45  Observer  
  115  9:12  Stalker x5  
  115  9:13  Stalker  
  127  9:36  Stalker  
  127  9:37  Stalker x5  
Show
View Real Time Build Order
Export as new Build Order

iGMacSed Protoss 

Build Orders: 1 Gate Expand, Blink Stalkers 

Get SALT Encoding   

  12  0:01  Probe (Chrono Boost)  
  13  0:11  Probe (Chrono Boost)  
  14  0:18  Pylon  
  14  0:22  Probe (Chrono Boost)  
  15  0:36  Probe (Chrono Boost)  
  15  0:38  Gateway  
  16  0:46  Probe (Chrono Boost)  
  16  0:47  Assimilator  
  17  0:57  Probe (Chrono Boost)  
  18  1:08  Probe (Chrono Boost)  
  19  1:21  Nexus  
  19  1:32  Cybernetics Core, Probe (Chrono Boost)  
  20  1:42  Probe (Chrono Boost)  
  20  1:44  Assimilator  
  21  1:49  Pylon  
  21  1:53  Probe (Chrono Boost)  
  22  2:03  Probe (Chrono Boost)  
  23  2:09  Adept (Chrono Boost)  
  23  2:10  Warp Gate (Chrono Boost)  
  23  2:14  Probe  
  26  2:26  Mothership Core (Chrono Boost)  
  28  2:34  Stalker (Chrono Boost)  
  30  2:39  Probe (Chrono Boost)  
  30  2:41  Pylon  
  31  2:46  Probe (Chrono Boost)  
  31  2:50  Probe (Chrono Boost)  
  33  2:54  Twilight Council  
  33  2:57  Probe (Chrono Boost)  
  34  3:00  Probe (Chrono Boost)  
  35  3:07  Stalker, Probe (Chrono Boost)  
  35  3:11  Probe (Chrono Boost)  
  39  3:18  Probe (Chrono Boost)  
  40  3:21  Probe (Chrono Boost)  
  41  3:28  Probe (Chrono Boost)  
  41  3:32  Probe (Chrono Boost)  
  43  3:38  Gateway  
  43  3:39  Probe (Chrono Boost), Gateway  
  42  3:42  Probe (Chrono Boost)  
  42  3:44  Pylon  
  42  3:46  Blink (Chrono Boost)  
  43  3:49  Probe (Chrono Boost)  
  46  4:00  Pylon  
  44  4:03  Gateway  
  44  4:06  Gateway, Probe  
  44  4:07  Probe  
  46  4:16  Stalker, Probe  
  48  4:20  Assimilator  
  48  4:21  Assimilator  
  49  4:26  Probe  
  50  4:31  Probe  
  50  4:34  Stalker  
  50  4:38  Stalker, Pylon  
  55  4:42  Probe  
  56  4:49  Stalker  
  58  5:00  Pylon  
  58  5:03  Pylon  
  58  5:05  Stalker x2  
  62  5:16  Pylon  
  62  5:17  Pylon  
  62  5:18  Probe  
  63  5:23  Stalker x2, Robotics Facility  
  67  5:34  Gateway  
  67  5:36  Gateway  
  67  5:42  Stalker x2  
  71  5:43  Probe  
  71  5:45  Probe  
  71  5:49  Stalker  
  75  5:51  Stalker  
  77  5:57  Probe x2  
  77  5:59  Pylon  
  79  6:09  Stalker  
  79  6:10  Stalker  
  83  6:14  Pylon  
  83  6:15  Observer  
  84  6:20  Dark Shrine  
  84  6:25  Probe  
  85  6:28  Stalker x3, Pylon  
  91  6:35  Pylon  
  91  6:45  Observer, Robotics Bay  
  90  7:05  Warp Prism  
  88  7:11  Nexus  
  88  7:15  Robotics Facility  
  87  7:16  Probe  
  87  7:18  Stalker  
  87  7:19  Stalker x2  
  89  7:28  Stalker  
  89  7:29  Stalker  
  93  7:35  Probe  
  93  7:37  Probe  
  89  7:46  Probe  
  89  7:47  Disruptor (Chrono Boost)  
  89  7:49  Probe  
  94  7:57  Probe  
  95  8:01  Probe  
  95  8:02  Disruptor (Chrono Boost)  
  97  8:10  Probe  
  92  8:21  Disruptor (Chrono Boost)  
  92  8:23  Stalker x3  
  99  8:27  Dark Templar  
  99  8:32  Dark Templar  
  105  8:34  Disruptor (Chrono Boost)  
  105  8:42  Probe x2  
  107  8:52  Disruptor (Chrono Boost)  
  107  8:55  Nexus  
  108  9:03  Pylon  
  111  9:13  Pylon  
  111  9:17  Pylon  
Tags
 
Add a new tag
Caveats
  • Supply blocks, unpowered buildings, or Contaminate may cause inaccurate times.
  • Supply counts are checked every 10 seconds.